 Dungeon Crawl Stone Soup version 0.18.1-5-g4a78601 (webtiles) character file.

248 Hesddalt the Chucker (level 5, -11/42 HPs)
             Began as a Centaur Hunter on May 15, 2016.
             Was an Initiate of Qazlal.
             Killed from afar by Eustachio (28 damage)
             ... with an exploding inner flame
             ... hexed by the player character
             ... on level 4 of the Dungeon.
             The game lasted 00:44:47 (4310 turns).

Hesddalt the Chucker (Centaur Hunter)               Turns: 4310, Time: 00:44:54

Health: -11/42     AC:  5    Str: 14    XL:     5   Next: 86%
Magic:  5/5        EV:  9    Int: 10    God:    Qazlal [......]
Gold:   180        SH:  0    Dex: 11    Spells: 0 memorised, 4 levels left

rFire  . . .     SeeInvis .     h - +3 hunting sling
rCold  . . .     Gourm    .     b - +0 leather armour
rNeg   . . .     Faith    .     (no shield)
rPois  .         Spirit   .     v - +0 helmet
rElec  .         Dismiss  .     (no cloak)
rCorr  .         Reflect  .     (no gloves)
SustAt .         Harm     .     (no barding)
MR     .....                    (no amulet)
Stlth  ..........               (no ring)
                                x - ring of loudness (curse)

@: exhausted, very slightly contaminated, slowed, invisible, not resistant to
hostile enchantments, extremely unstealthy
A: hooves 3, blurry vision 1, deformed body, speed 2, mutation resistance 1,
tough skin 3, MP-powered wands
a: Renounce Religion


You were on level 4 of the Dungeon.
You worshipped Qazlal.
Qazlal was noncommittal.
You were not hungry.

You visited 1 branch of the dungeon, and saw 4 of its levels.

You collected 180 gold pieces.

Inventory:

Hand Weapons
 a - a +0 short sword
 h - a +3 hunting sling (weapon)
Missiles
 c - 2 javelins
 d - a throwing net
 e - 4 large rocks
 j - 26 arrows
 r - 3 stones (quivered)
 t - 28 bolts
Armour
 b - a +0 leather armour (worn)
 p - a +0 chain mail
 s - a +0 pair of boots
 v - a +0 helmet (worn)
 w - a +0 helmet
Jewellery
 x - a cursed ring of loudness (left hand)
Scrolls
 g - 2 scrolls of blinking
 u - 2 scrolls of recharging
Potions
 m - 3 potions of flight
 o - a potion of agility
 A - a potion of heal wounds
Comestibles
 f - 3 bread rations
 k - 2 slices of pizza
 n - 2 meat rations
 q - 2 royal jellies


   Skills:
 - Level 2.4 Fighting
 + Level 3.2(4.7) Slings
 * Level 5.3(5.7) Throwing
 + Level 1.2 Armour
 * Level 2.1 Dodging
 - Level 0.5 Stealth
 * Level 1.9 Unarmed Combat


You had 4 spell levels left.
You didn't know any spells.

Dungeon Overview and Level Annotations

Branches:
Dungeon (4/15)
 Temple: D:4-7

Altars:
Qazlal
Sif Muna
The Shining One


Innate Abilities, Weirdness & Mutations

You have hooves in place of feet.
Armour fits poorly on your strangely shaped body.
You cover ground very quickly.
You have extremely tough skin (AC +3).
Scrolls take you a little longer to read.
You are somewhat resistant to further mutation.
You expend magic power (3 MP) to strengthen your wands.


Message History

The bat is severely wounded.
The bat hits you but does no damage. x2
Firing (i - inventory. (,) - cycle):
r - 4 stones (quivered)
Press: ? - help, Shift-Dir - straight line, f/p - Eustachio
Aim: Eustachio, wielding a rapier and wearing a leather armour (severely wounded, inner flame)
You shoot a stone. The stone hits Eustachio.
Eustachio is severely wounded.
The bat hits you but does no damage. The bat closely misses you. x2
Eustachio hits you with a rapier!
Firing (i - inventory. (,) - cycle):
r - 3 stones (quivered)
Press: ? - help, Shift-Dir - straight line, f/p - Eustachio
Aim: Eustachio, wielding a rapier and wearing a leather armour (severely wounded, inner flame)
You shoot a stone. The stone hits Eustachio!
Eustachio explodes!
The fiery explosion engulfs the bat.
You kill the bat!
The bat's corpse disappears in a puff of smoke!
The fiery explosion engulfs you!
Ouch! That really hurt!
You die...

#### ###### #....
...... + #(... .....
.# #### #..# #..# ..#
....##..###..###..#
........§@.b.....
....$...§........
..##.5§###..##..
#(55###..# ##
########rr...'..+ #.
....#......#...(.#..#
#
....#...(([((...(#..#
#
....#.....(#..$..#..#
#
....+((....#...(.#..#
#


You could see a crimson imp, a river rat, a white imp, a shadow imp, a quokka
and a bat.

Vanquished Creatures
  A phantom (D:4)
  A crimson imp (D:3)
  5 adders
  3 worms
  7 dart slugs
  A giant gecko (D:2)
  2 orcs
  5 bats
  3 giant cockroaches
  15 goblins
  4 hobgoblins
  4 jackals (D:1)
  3 kobolds
  A quokka (D:3)
  2 giant newts
  A quokka skeleton (D:4)
  5 rats
63 creatures vanquished.

Notes
Turn   | Place    | Note
--------------------------------------------------------------
     0 | D:1      | Hesddalt the Centaur Hunter began the quest for the Orb.
     0 | D:1      | Reached XP level 1. HP: 17/17 MP: 1/1
   511 | D:1      | Reached XP level 2. HP: 24/24 MP: 2/2
  1239 | D:2      | Reached XP level 3. HP: 28/30 MP: 3/3
  1935 | D:2      | Reached skill level 5 in Throwing
  2422 | D:3      | Reached skill level 1 in Armour
  2809 | D:3      | Reached skill level 1 in Slings
  2809 | D:3      | Reached XP level 4. HP: 37/37 MP: 4/4
  2820 | D:3      | Reached skill level 1 in Unarmed Combat
  2904 | D:3      | Noticed an ogre
  3014 | D:3      | Gained mutation: You are somewhat resistant to further mutation. [potion of mutation]
  3014 | D:3      | Gained mutation: Scrolls take you a little longer to read. [potion of mutation]
  3014 | D:3      | Gained mutation: You expend magic power (3 MP) to strengthen your wands. [potion of mutation]
  3016 | D:3      | HP: 1/37 [ogre/giant spiked club (22)]
  3380 | D:3      | Reached XP level 5. HP: 39/42 MP: 5/5
  3855 | D:4      | Noticed a phantom
  3868 | D:4      | Killed a phantom
  4067 | D:4      | Found a glowing golden altar of the Shining One.
  4071 | D:4      | Found a stormy altar of Qazlal.
  4072 | D:4      | Found a deep blue altar of Sif Muna.
  4192 | D:4      | Became a worshipper of Qazlal Stormbringer
  4257 | D:4      | Noticed Eustachio
  4310 | D:4      | Killed Eustachio
  4310 | D:4      | Killed from afar by Eustachio

Skill      XL: |  1  2  3  4  5 |
---------------+----------------+-----
Throwing       | 5 |  5.3
Armour         | 1 |  1.2
Slings         | 1 2 3 |  3.2
Unarmed Combat | 1 |  1.9
Dodging        | 2 |  2.1
Fighting       | |  2.4
Stealth        | |  0.5

Action                   |  1- 3 |  4- 6 || total
-------------------------+-------+-------++-------
Melee: Unarmed           |    86 |       ||    86
       Short sword       |     6 |       ||     6
       Kick              |    16 |       ||    16
 Fire: Hunting sling     |    53 |   132 ||   185
Throw: Javelin           |    29 |       ||    29
       Throwing net      |     1 |       ||     1
  Use: Scroll            |       |    10 ||    10
       Potion            |       |     5 ||     5
  Eat: Bread ration      |     1 |     1 ||     2
Armor: Leather armour    |    40 |    53 ||    93
Dodge: Dodged            |    41 |    61 ||   102
